 Dungeon Crawl Stone Soup version 0.28-a0-563-gf77a47075d (webtiles) character file.

Game seed: 17125630858700340701

240 friend the Twirler (level 5, -2/43 HPs)
             Began as a Palentonga Gladiator on Sept 30, 2021.
             Killed from afar by Blork the orc (5 damage)
             ... with a magic dart
             ... on level 4 of the Dungeon.
             The game lasted 00:04:12 (2926 turns).

friend the Twirler (Palentonga Gladiator)           Turns: 2926, Time: 00:04:12

Health: -2/43      AC:  5    Str: 18    XL:     5   Next: 79%
Magic:  5/5        EV:  9    Int:  9    God:
Gold:   164        SH:  0    Dex: 11    Spells: 4/4 levels left

rFire   + . .      SeeInvis +   a - +0 quarterstaff
rCold   + . .      Faith    .   (shield currently unavailable)
rNeg    . . .      Spirit   .   b - +0 leather armour
rPois   .          Reflect  .   c - +0 helmet
rElec   .          Harm     .   (no cloak)
rCorr   .          Rampage  .   (no gloves)
Will    .....                   (no barding)
Stlth   +.........              (no amulet)
HPRegen 0.14/turn               I - ring of protection from cold
MPRegen 0.09/turn               F - ring of protection from fire

@: no status effects
A: large, rugged brown scales 3, see invisible, deformed body, roll 1, armoured
tail
a: Rolling Charge


You were on level 4 of the Dungeon.
You visited 1 branch of the dungeon, and saw 5 of its levels.

You collected 164 gold pieces.

Inventory:

Hand Weapons
 a - a +0 quarterstaff (weapon)
Missiles
 d - 3 throwing nets (quivered)
Armour
 b - a +0 leather armour (worn)
 c - a +0 helmet (worn)
Jewellery
 F - a ring of protection from fire (right hand)
 I - a ring of protection from cold (left hand)
Scrolls
 f - 3 scrolls of immolation
 g - a scroll of magic mapping {unknown}
 h - a scroll of vulnerability {unknown}
 i - a scroll of teleportation {unknown}
 j - a scroll of identify {unknown}
 l - a scroll of blinking {unknown}
Potions
 e - a potion of haste {unknown}
 k - 2 potions of curing {unknown}
 m - a potion of attraction {unknown}
 n - a potion of might {unknown}


   Skills:
 - Level 3.0 Fighting
 + Level 6.2 Staves
 - Level 1.3 Throwing
 - Level 2.4 Dodging


You had 4 spell levels left.
You didn't know any spells.
Your spell library contained the following spells:

 Spells                   Type           Power      Damage    Failure   Level
 Conjure Flame            Conj/Fire      0%         6-21      82%         3
 Ignite Poison            Fire/Tmut/Pois 0%         N/A       82%         3
 Sticky Flame             Conj/Fire      0%         2d3       99%         4


Dungeon Overview and Level Annotations

Branches:
Dungeon (5/15)
 Temple: D:4-7

Altars:

Annotations:
D:4 Blork the orc


Innate Abilities, Weirdness & Mutations

You are completely covered in rugged brown scales. (AC +3, +7% HP)
You have supernaturally acute eyesight. (SInv)
Armour fits poorly on your strangely shaped body.
You can roll at nearby foes to attack.
You have a long armoured tail.


Message History

You need to enable at least one skill for training.
You start resting.
An adder skeleton comes into view.
You regained 9 hp, and now have 19/43 hp.
Blork the orc comes into view.
He is wielding a +7 glaive.
Blork the orc shouts!
You hear an angry hiss.
There is an escape hatch in the floor here.
Blork the orc looks satisfied for a moment.
A ball python comes into view.
An endoplasm comes into view.
A ball python comes into view.
The ball python bites you.
You take 2 damage, and have 19/43 hp.
You closely miss the ball python. The ball python bites you.
Blork the orc looks braver for a moment.
The adder skeleton bites you but does no damage.
The ball python barely misses you.
You take 1 damage, and have 18/43 hp.
You closely miss the ball python. The adder skeleton misses you.
The ball python bites you but does no damage.
You hit the ball python.
The adder skeleton bites you but does no damage.
The ball python misses you.
You thump the ball python!
You kill the ball python!
The adder skeleton barely misses you.
Blork the orc looks satisfied for a moment.
A quokka comes into view.
You see here a ball python corpse.
You sock the quokka!
You kill the quokka!
The adder skeleton bites you.
Blork the orc hits you from afar with a +7 glaive!
* * * LOW HITPOINT WARNING * * *
The adder skeleton barely misses you.
You take 16 damage, and have 2/43 hp.
MASSIVE DAMAGE!!
Blork the orc casts a spell at you. The magic dart hits you.
You die...

#. #.# #.# ##.# #...
#.# #..# ....## .#
#..#######....# .#
#..o...@.......###.###
#..#######)..###.....
#..########.## #.#.##
#...†oZ...#o####....#
#..######.#.>.##..#.#
#..# #.###.#.....#
#..######.###......##
#.........o.o.......#
..#######.###......##


You could see Blork the orc.

Vanquished Creatures
  A phantom (D:4)
  Robin (D:2)
  3 gnolls
  3 adders
  2 worms
  4 dart slugs
  An orc (D:4)
  7 endoplasms
  4 giant cockroaches
  12 goblins
  7 hobgoblins
  6 jackals (D:1)
  6 kobolds
  3 quokkas
  6 ball pythons
  6 bats
  5 frilled lizards
  7 rats
84 creatures vanquished.

Notes
Turn   | Place    | Note
-------+----------+-------------------------------------------
     0 | D:1      | friend the Palentonga Gladiator began the quest for the
                  | Orb.
     0 | D:1      | Reached XP level 1. HP: 17/17 MP: 1/1
    67 | D:1      | Reached XP level 2. HP: 20/23 MP: 2/2
    90 | D:1      | Found a faded altar of an unknown god.
   298 | D:1      | Reached skill level 4 in Staves
   680 | D:1      | Reached XP level 3. HP: 28/28 MP: 3/3
  1418 | D:2      | Reached skill level 5 in Staves
  1418 | D:2      | Reached XP level 4. HP: 22/35 MP: 4/4
  2590 | D:3      | Noticed Robin
  2607 | D:2      | Killed Robin
  2608 | D:2      | Reached XP level 5. HP: 40/40 MP: 5/5
  2685 | D:3      | Reached skill level 6 in Staves
  2798 | D:3      | You fall into a shaft and drop 2 floors!
  2798 | D:5      | Entered Level 5 of the Dungeon
  2815 | D:4      | Noticed a phantom
  2833 | D:4      | Killed a phantom
  2900 | D:4      | Noticed Blork the orc
  2918 | D:4      | HP: 2/43 [Blork the orc (15)]
  2926 | D:4      | Killed from afar by Blork the orc

Illustrated notes

Levels and vault maps discovered:
D:1:      minmay_arrival_hallway, layout_basic,
          hellmonk_ecumenical_altar_blasted
D:2:      layout_rooms, hangedman_glass_teeth
D:3:      layout_rooms, tgw_trog, lemuel_tele_altar, st_stairs_4,
          hangedman_feature_mirror, grunt_decor_cap, uniq_jessica, uniq_robin,
          uniq_sigmund, uniq_purgy, uniq_grinder
D:4:      layout_loops_ring, vehumet_altar_wand_db, chequers_jeans,
          grunt_ministairs_8, uniq_blork_the_orc, uniq_edmund
D:5:      layout_cave_pools, nicolae_overflow_hidden_temple,
          minmay_temple_entry_drinking_statues, ebering_ghost_reflecting_pool,
          uniq_eustachio, uniq_crazy_yiuf_cottage, uniq_menkaure

Skill      XL: |  1  2  3  4  5 |
---------------+----------------+-----
Staves         | 4 5 6 |  6.2
Fighting       | 3 |  3.0
Throwing       | |  1.3
Dodging        | |  2.4

Action                   |  1- 3 |  4- 6 || total
-------------------------+-------+-------++-------
Melee: Quarterstaff      |    86 |   117 ||   203
       Tailslap          |     9 |    13 ||    22
 Abil: Rolling Charge    |     2 |       ||     2
Armor: Leather armour    |    33 |    42 ||    75
Dodge: Dodged            |    39 |    67 ||   106

Table legend: (Time is in decaauts)
 A = Elapsed time spent in this place.
 B = Non-inter-level travel time spent in this place.
 C = Inter-level travel time spent in this place.
 D = Time resting spent in this place.
 E = Time spent auto-exploring this place.
 F = Levels seen in this place.
 G = Mean time per level.
                   A        B        C        D        E       F      G
               +--------+--------+--------+--------+--------+-----+--------+
         Total |   2938 |   2905 |     33 |    664 |   1676 |   5 |  587.6 |
       Dungeon |   2938 |   2905 |     33 |    664 |   1676 |   5 |  587.6 |
               +--------+--------+--------+--------+--------+-----+--------+

Top non-repeatable levels by time:
     D:1: 1483 daAuts
     D:2: 893 daAuts
     D:3: 434 daAuts
     D:4: 110 daAuts
     D:5: 16 daAuts
